 Dungeon Crawl Stone Soup version 0.30-a0-4-ga7cffc901d (webtiles) character file.

Game seed: 13472262070955454584

137 Newt the Cutter (level 5, -12/57 HPs)
             Began as a Demonspawn Gladiator on Aug 20, 2022.
             Killed by divine providence
             ... invoked by an orc priest
              (14 damage)
             ... on level 3 of the Dungeon.
             The game lasted 00:02:39 (2037 turns).

Newt the Cutter (Demonspawn Gladiator)              Turns: 2037, Time: 00:02:40

Health: -12/57     AC: 22    Str: 17    XL:     5   Next: 0%
Magic:  0/5        EV:  2    Int:  9    God:
Gold:   145        SH:  0    Dex: 14    Spells: 4/4 levels left

rFire   . . .      SeeInvis .    l - +1 short sword (venom)
rCold   . . .      Faith    .    (no shield)
rNeg    . . .      Spirit   +    (body armour currently unavailable)
rPois   +          Reflect  .    (helmet currently unavailable)
rElec   .          Harm     .    (cloak currently unavailable)
rCorr   .          Rampage  .    (gloves currently unavailable)
Will    +....      Clarity  +    (boots currently unavailable)
Stlth   ++........ NoTele   +    (no amulet)
HPRegen 0.19/turn                (no ring)
MPRegen 0.18/turn                (no ring)

@: tree-form, unable to read
A: stationary, stasis, torment immunity, boosted hp, (horns 1), magic shield,
magic regeneration, clarity, strong-willed 1, inability to read after injury 1
a: no special abilities


You were on level 3 of the Dungeon.
You were a tree.
You visited 1 branch of the dungeon, and saw 3 of its levels.

You collected 145 gold pieces.

Inventory:

Hand Weapons
 a - a +0 rapier
 k - a +2 dagger of venom
 l - a +1 short sword of venom (weapon)
Missiles
 d - 3 throwing nets (quivered)
 e - 6 javelins
 n - 28 stones
 r - 4 poisoned darts
Armour
 b - a +0 leather armour (melded)
 c - a +0 helmet
 s - a +0 pair of gloves (melded)
Scrolls
 f - 2 scrolls of noise
 i - 2 scrolls of teleportation
 o - a scroll of identify
 q - a scroll of immolation {unknown}
Potions
 g - 2 potions of attraction
 h - a potion of mutation
 j - 2 potions of heal wounds {unknown}
 m - a potion of lignification
 p - a potion of might {unknown}


   Skills:
 - Level 2.0 Fighting
 + Level 4.7 Short Blades
 - Level 1.7 Throwing
 - Level 2.6 Dodging
 - Level 2.0 Stealth


You had 4 spell levels left.
You didn't know any spells.
Your spell library was empty.

Dungeon Overview and Level Annotations

Branches:
Dungeon (3/15)

Altars:


Innate Abilities, Weirdness & Mutations

You are a tree.
Your roots penetrate the ground, keeping you stationary.
You cannot be teleported.
You are immune to unholy pain and torment.
Your maximum health is greatly increased.
Your equipment is partially melded.
((You have a pair of small horns on your head.))
When hurt, damage is shared between your health and your magic reserves.
You regenerate magic rapidly.
You possess an exceptional clarity of mind.
You are strong-willed. (Will+)
You occasionally lose the ability to read scrolls when taking damage.


Message History

You have reached level 5! 2 orcs and 2 orc priests come into view.
An orc priest is wielding a +1 flail of distortion.
The orc shouts!
The orc priest shouts!
You hear a shout!
An orc comes into view. It is wielding a +0 club.
You hear a shout!
The orc priest hits you but does no damage.
You hit the orc priest.
The orc priest is poisoned.
The orc priest is lightly wounded.
The orc priest hits you with a +0 mace.
You closely miss the orc priest.
The orc priest is lightly wounded.
The orc priest hits you with a +0 mace.
You barely miss the orc priest.
The orc priest is lightly wounded.
The orc priest hits you with a +0 mace.
You hit the orc priest.
The orc priest looks as sick as possible!
The orc priest is heavily wounded.
You hit the orc priest.
The orc priest looks as sick as possible!
The orc priest is severely wounded.
The orc priest mumbles some strange prayers to Beogh against you.
Beogh smites you!
You hit the orc priest but do no damage.
The orc priest looks as sick as possible!
The orc priest is severely wounded.
The orc priest calls down the wrath of Beogh upon you.
Beogh smites you!
* * * LOW HITPOINT WARNING * * *
The orc priest hits you with a +0 mace.
* * * LOW HITPOINT WARNING * * *
It was a potion of lignification.
You turn into a tree.
Your +0 pair of gloves melds into your body.
Your +0 leather armour melds into your body.
Your roots penetrate the ground.
The orc priest calls down the wrath of Beogh upon you.
Beogh smites you!
You feel threatened and lose the ability to read scrolls!
You die...

#.#. #.#. .
....#########
..............#
.#..##...###..#
...##...###..####
.#...............#
.#..##...###..##♣#
....##........##o#
.............###oo
........######
##o# ..#.##..# .#
..#..#..### .#
..#.......# .#
........#.# ..
........#.#


You could see 2 orc priests and 2 orcs.

Vanquished Creatures
  An ogre (D:3)
  An adder (D:2)
  A worm (D:3)
  4 orcs (D:3)
  3 ball pythons
  2 endoplasms (D:1)
  3 hobgoblins
  7 kobolds
  6 bats
  A frilled lizard (D:1)
  4 goblins
  2 rats
35 creatures vanquished.

Notes
Turn   | Place    | Note
-------+----------+-------------------------------------------
     0 | D:1      | Newt the Demonspawn Gladiator began the quest for the Orb.
     0 | D:1      | Reached XP level 1. HP: 16/16 MP: 1/1
   389 | D:1      | Reached skill level 1 in Stealth
   624 | D:1      | Gained mutation: You have a pair of small horns on your
                  | head. [demonic ancestry]
   624 | D:1      | Reached XP level 2. HP: 22/22 MP: 2/2
   893 | D:2      | Reached skill level 3 in Short Blades
  1119 | D:2      | Gained mutation: You regenerate magic rapidly. [demonic
                  | ancestry]
  1119 | D:2      | Reached XP level 3. HP: 25/27 MP: 3/3
  1539 | D:2      | Found a faded altar of an unknown god.
  1690 | D:3      | Gained mutation: You are strong-willed. (Will+) [potion of
                  | mutation]
  1690 | D:3      | Gained mutation: You occasionally lose the ability to read
                  | scrolls when taking damage. [potion of mutation]
  1690 | D:3      | Gained mutation: You possess an exceptional clarity of
                  | mind. [potion of mutation]
  1957 | D:3      | Noticed an ogre
  1973 | D:3      | Killed an ogre
  1974 | D:3      | Reached skill level 4 in Short Blades
  1974 | D:3      | Gained mutation: When hurt, damage is shared between your
                  | health and your magic reserves. [demonic ancestry]
  1974 | D:3      | Reached XP level 4. HP: 33/33 MP: 4/4
  2018 | D:3      | Reached XP level 5. HP: 38/38 MP: 5/5
  2036 | D:3      | HP: 1/38 [orc priest/+0 mace (1)]
  2037 | D:3      | Killed from afar by an orc priest

Illustrated notes

Levels and vault maps discovered:
D:1:      spicycebolla_arrival_xxxplode, layout_basic
D:2:      minmay_evil_eye, layout_loops_corners,
          hellmonk_ecumenical_altar_arch_garden
D:3:      layout_loops_cross

Skill      XL: |  1  2  3 |
---------------+----------+-----
Stealth        | 1 2 |  2.0
Short Blades   | 3 4 |  4.7
Fighting       | |  2.0
Throwing       | |  1.7
Dodging        | |  2.6

Action                   |  1- 3 |  4- 6 || total
-------------------------+-------+-------++-------
Melee: Rapier            |    39 |       ||    39
       Short sword       |    43 |    10 ||    53
       Headbutt          |    10 |     1 ||    11
Throw: Dart              |     2 |       ||     2
  Use: Scroll            |     6 |       ||     6
       Potion            |     1 |     1 ||     2
 Stab: Sleeping          |     3 |       ||     3
Armor: Leather armour    |    14 |     2 ||    16
Dodge: Dodged            |    50 |     2 ||    52

Table legend: (Time is in decaauts)
 A = Elapsed time spent in this place.
 B = Non-inter-level travel time spent in this place.
 C = Inter-level travel time spent in this place.
 D = Time resting spent in this place.
 E = Time spent auto-exploring this place.
 F = Levels seen in this place.
 G = Mean time per level.
                   A        B        C        D        E       F      G
               +--------+--------+--------+--------+--------+-----+--------+
         Total |   2034 |   1989 |     45 |    209 |   1490 |   3 |  678.0 |
       Dungeon |   2034 |   1989 |     45 |    209 |   1490 |   3 |  678.0 |
               +--------+--------+--------+--------+--------+-----+--------+

Top non-repeatable levels by time:
     D:1: 855 daAuts
     D:2: 820 daAuts
     D:3: 358 daAuts
